 Dungeon Crawl Stone Soup version 0.22.0-5-gf09313c (webtiles) character file.

854 Lew the Covert (level 8, -2/82 HPs)
             Began as an Octopode Fighter on Aug 13, 2018.
             Slain by an ice beast (3 damage)
             ... on level 5 of the Dungeon.
             The game lasted 00:10:07 (3836 turns).

Lew the Covert (Octopode Fighter)                   Turns: 3836, Time: 00:10:08

Health: -2/82      AC: 24    Str: 16    XL:     8   Next: 1%
Magic:  8/8        EV:  2    Int: 10    God:
Gold:   150        SH:  9    Dex: 13    Spells: 7/7 levels left

rFire    . . .     SeeInvis .   a - +1 trident
rCold    . . .     Gourm    .   b - +0 shield
rNeg     + + +     Faith    .   (helmet currently unavailable)
rPois    +         Spirit   .   (no amulet)
rElec    .         Reflect  .   f - +4 ring of slaying
rCorr    .         Harm     .   (no ring)
MR       .....     NoTele   +   (no ring)
Stlth    ++++......             (no ring)
HPRegen  0.23/turn              (no ring)
MPRegen  0.11/turn              (no ring)
                                (no ring)
                                (no ring)

@: tree-form
A: almost no armour, stealthy swim, (amphibious), 8 rings, (constrict 8)
a: no special abilities


You were on level 5 of the Dungeon.
You were not hungry.
You were a tree.
You visited 1 branch of the dungeon, and saw 5 of its levels.

You collected 150 gold pieces.

Inventory:

Hand Weapons
 a - a +1 trident (weapon)
Missiles
 g - 12 tomahawks (quivered)
Armour
 b - a +0 shield (worn)
 h - a +0 hat (melded)
Jewellery
 f - a +4 ring of slaying (left branch)
Wands
 j - a wand of paralysis (6)
 m - a wand of flame (31)
Scrolls
 i - a scroll of identify
 l - 2 scrolls of teleportation
 n - a scroll of immolation {unknown}
Potions
 c - 2 potions of might
 e - 3 potions of flight
 p - a potion of ambrosia {unknown}
Comestibles
 d - 4 rations


   Skills:
 - Level 5.3 Fighting
 - Level 2.0 Polearms
 - Level 5.2 Dodging
 + Level 8.7 Stealth
 - Level 3.0 Shields


You had 7 spell levels left.
You didn't know any spells.
Your spell library was empty.

Dungeon Overview and Level Annotations

Branches:
Dungeon (5/15)
 Temple: D:4-7

Altars:
Fedhas
Ru
Uskayaw


Innate Abilities, Weirdness & Mutations

You cannot wear most types of armour.
You are very stealthy in the water. (Stealth+)
((You are amphibious.))
You can wear up to eight rings at the same time.
((You can use your tentacles to constrict eight enemies at once.))
((Your skin changes colour to match your surroundings (Stealth+).))
((Your rubbery body absorbs attacks. (AC +1, EV +1)))


Message History

You puncture the ice beast! Your squeeze misses the ice beast.
The ice beast is severely wounded.
The ice beast hits you.
* * * LOW HITPOINT WARNING * * *
The ice beast freezes you!
* * * LOW HITPOINT WARNING * * *
You feel better. The ice beast hits you.
* * * LOW HITPOINT WARNING * * *
The ice beast freezes you!
* * * LOW HITPOINT WARNING * * *
You turn into a tree.
Your +0 hat melds into your body.
Your roots penetrate the ground.
You block the ice beast's attack.
You barely miss the ice beast.
The ice beast is severely wounded.
The ice beast hits you but does no damage.
You block the ice beast's attack.
You closely miss the ice beast.
The ice beast is severely wounded.
The ice beast hits you.
You die...

### #### #.# #..# #.#
#..# #.## ##..# #..#
###..######..###
###.........#..#.###
###...######.....#...##..
...#### #####♣#.......
..## ##Y.....# .>.#
#......# ...# ##...###
...# .### ...# .. ...#
..# ...# ..# ...# ...


You could see an ice beast.

Vanquished Creatures
  2 phantoms (D:4)
  3 ogres (D:4)
  A howler monkey (D:2)
  2 electric eels (D:3)
  2 orc priests (D:4)
  2 orc wizards (D:4)
  Terence (D:3)
  Natasha (D:3)
  A hound skeleton (D:4)
  6 adders
  An ooze (D:4)
  A worm (D:2)
  2 dart slugs
  12 orcs
  7 giant cockroaches
  6 goblins
  8 hobgoblins
  A quokka (D:3)
  A ball python (D:4)
  4 bats
  4 frilled lizards
  6 kobolds
  5 rats
79 creatures vanquished.

Notes
Turn   | Place    | Note
-------+----------+-------------------------------------------
     0 | D:1      | Lew the Octopode Fighter began the quest for the Orb.
     0 | D:1      | Reached XP level 1. HP: 16/16 MP: 1/1
    12 | D:1      | Reached skill level 1 in Stealth
    83 | D:1      | Reached XP level 2. HP: 14/21 MP: 2/2
   236 | D:1      | Reached skill level 2 in Stealth
   512 | D:2      | Reached XP level 3. HP: 26/26 MP: 3/3
   691 | D:2      | Reached skill level 3 in Stealth
   764 | D:2      | Reached XP level 4. HP: 28/31 MP: 4/4
   981 | D:2      | Reached skill level 4 in Stealth
  1027 | D:3      | Noticed Terence
  1035 | D:3      | Killed Terence
  1035 | D:3      | Reached XP level 5. HP: 31/37 MP: 5/5
  1092 | D:3      | Noticed a hand axe
  1092 | D:3      | Noticed a dagger
  1094 | D:3      | Found a hide-covered altar of Uskayaw.
  1263 | D:3      | Found a sacrificial altar of Ru.
  1389 | D:3      | Found a transporter.
  1514 | D:3      | Found a transporter.
  1719 | D:3      | Reached skill level 5 in Stealth
  2352 | D:3      | Reached XP level 6. HP: 30/43 MP: 6/6
  2491 | D:4      | Noticed Natasha
  2506 | D:3      | Killed Natasha
  2506 | D:3      | Reached skill level 6 in Stealth
  2727 | D:4      | Noticed a phantom
  2925 | D:4      | Killed a phantom
  2925 | D:4      | Reached skill level 7 in Stealth
  2925 | D:4      | Reached XP level 7. HP: 45/49 MP: 7/7
  3211 | D:4      | Reached skill level 5 in Fighting
  3211 | D:4      | Reached skill level 5 in Dodging
  3211 | D:4      | Reached skill level 8 in Stealth
  3440 | D:4      | Reached XP level 8. HP: 46/55 MP: 8/8
  3632 | D:4      | Found a blossoming altar of Fedhas.
  3795 | D:5      | Entered Level 5 of the Dungeon
  3831 | D:5      | HP: 1/55 [ice beast (11)]
  3836 | D:5      | Slain by an ice beast

Skill      XL: |  1  2  3  4  5  6  7 |
---------------+----------------------+-----
Stealth        | 1 2 3 4 5 7 8 |  8.7
Fighting       | 4 5 |  5.3
Dodging        | 4 5 |  5.2
Polearms       | |  2.0
Shields        | |  3.0

Action                   |  1- 3 |  4- 6 |  7- 9 || total
-------------------------+-------+-------+-------++-------
Melee: Trident           |    57 |    69 |    55 ||   181
       Constrict         |    16 |    13 |     9 ||    38
       Tentacles         |     4 |    11 |    12 ||    27
Evoke: Wand              |       |     7 |       ||     7
  Use: Scroll            |     1 |     4 |       ||     5
       Potion            |     1 |     2 |     2 ||     5
 Stab: Sleeping          |     5 |     8 |     6 ||    19
       Distracted        |       |       |     1 ||     1
  Eat: Chunk             |       |     2 |       ||     2
       Ration            |       |     2 |       ||     2
Armor: Skin              |     5 |     7 |     1 ||    13
Dodge: Dodged            |    21 |    22 |     9 ||    52
Block: Shield            |    14 |    25 |    14 ||    53
